 Dungeon Crawl Stone Soup version 0.17-a0-1767-gccbed74 (webtiles) character file.

99 luca467 the Skirmisher (level 4, 0/39 HPs)
             Began as a Demonspawn Wanderer on Sept 6, 2015.
             Slain by a jelly (3 damage)
             ... on level 3 of the Dungeon.
             The game lasted 00:14:40 (1485 turns).

luca467 the Skirmisher (Demonspawn Wanderer)        Turns: 1485, Time: 00:14:41

Health: 0/39       AC: -1    Str: 13    XL:     4   Next: 45%
Magic:  4/4        EV: 10    Int: 12    God:
Gold:   144        SH:  0    Dex: 14    Spells: 0 memorised, 3 levels left

rFire  . . .     SeeInvis .     a - +2 spear
rCold  . . .     Clarity  .     i - +1 ring mail
rNeg   . . .     SustAt   .     (no shield)
rPois  .         Gourm    .     n - +0 helmet
rElec  .         Spirit   .     (no cloak)
rCorr  .         Warding  .     (no gloves)
rMut   .         Stasis   .     (no boots)
MR     .....                    (no amulet)
Stlth  +.........               (no ring)
                                (no ring)

@: corroded equipment, not resistant to hostile enchantments, very unstealthy
A: claws 1
a: no special abilities


You were on level 3 of the Dungeon.
You were not hungry.

You visited 1 branch of the dungeon, and saw 3 of its levels.

You collected 144 gold pieces.

Inventory:

Hand weapons
 a - a +2 spear (weapon)
Armour
 c - a +0 robe
 i - a +1 ring mail (worn)
 j - a +1 pair of gloves
 n - a +0 helmet (worn)
Scrolls
 h - a scroll of teleportation
Potions
 b - 5 potions of curing
 e - a potion of degeneration {unknown}
 f - a potion of lignification {unknown}
 g - 2 potions of might {unknown}
 k - a potion of mutation {unknown}
 m - a potion of heal wounds {unknown}
 o - a potion of flight {unknown}
Comestibles
 d - 2 bread rations
 l - a beef jerky
 p - a meat ration


   Skills:
 - Level 5.0 Fighting
 + Level 4.3 Polearms
 - Level 1.0 Throwing
 - Level 1.0 Dodging
 - Level 1.0 Stealth


You had 3 spell levels left.
You didn't know any spells.

Dungeon Overview and Level Annotations

Branches:
Dungeon (3/15)

Altars:
Yredelemnul


Innate Abilities, Weirdness & Mutations

You have sharp fingernails.


Message History

You hit the jelly. The acid corrodes you!
Your claws burn!
The jelly is heavily wounded.
The jelly hits you but does no damage.
You hit the jelly. The acid corrodes you!
Your claws burn!
* * * LOW HITPOINT WARNING * * *
The jelly is heavily wounded.
The jelly barely misses you.
You are too injured to fight recklessly!
You are too injured to fight recklessly!
You are too injured to fight recklessly!
You are too injured to fight recklessly!
You are too injured to fight recklessly!
You hit the jelly.
Your claws burn!
* * * LOW HITPOINT WARNING * * *
The jelly is severely wounded.
You hit the jelly but do no damage.
Your claws burn!
* * * LOW HITPOINT WARNING * * *
The jelly is severely wounded.
The jelly hits you.
You die...

##...##...
##.........
#..........
#..........
#..........
#######.........
#....###..>##..
#....###...#
#...@##..###
#...J.†.##
###.).### #..##
#.)......#
#........#
#........#
#..........
.........###


You could see a jelly.

Vanquished Creatures
  3 adders
  2 worms (D:2)
  An orc (D:3)
  5 giant cockroaches
  2 gnoll zombies (D:2)
  7 hobgoblins
  13 jackals
  7 bats
  2 giant geckos
  3 giant newts
  3 goblins (D:2)
  7 kobolds
  6 rats (D:1)
61 creatures vanquished.

Notes
Turn   | Place    | Note
--------------------------------------------------------------
     0 | D:1      | luca467 the Demonspawn Wanderer began the quest for the Orb.
     0 | D:1      | luca467 set off with: a +2 spear, 2 potions of curing, a +0 robe, a bread ration
     0 | D:1      | Reached XP level 1. HP: 21/21 MP: 1/1
   105 | D:1      | Gained mutation: You have sharp fingernails. [demonic ancestry]
   105 | D:1      | Reached XP level 2. HP: 27/27 MP: 2/2
   828 | D:2      | Reached XP level 3. HP: 28/33 MP: 3/3
  1087 | D:2      | Reached XP level 4. HP: 39/39 MP: 4/4
  1340 | D:2      | Found a basalt altar of Yredelemnul.
  1485 | D:3      | Slain by a jelly

Vault maps used:
D:1:      tarquinn_simple_flora_water_e, st_stairs_11
D:2:      lemuel_zombie_altar_yredelemnul, supply_closet_lemuel
D:3:      first_bread, serial_undead, serial_undead_e, serial_undead_e,
          serial_undead_e, serial_undead_f

Action                   |  1- 3 |  4- 6 || total
-------------------------+-------+-------++-------
Melee: Spear             |   141 |    75 ||   216
  Use: Scroll            |     7 |       ||     7
 Stab: Sleeping          |     2 |       ||     2
       Distracted        |       |     1 ||     1
  Eat: Chunk             |     1 |     1 ||     2
